 Dungeon Crawl Stone Soup version 0.25.1-2-g60ff931df9 (webtiles) character file.

Game seed: 5875799926849068540

56319 gruber the Thaumaturge (level 14, -17/111 HPs)
             Began as a Gnoll Skald on Oct 6, 2020.
             Was a High Priest of Vehumet.
             Killed from afar by a lich (37 damage)
             ... with a bolt of negative energy
             ... on level 3 of the Abyss.
             The game lasted 00:41:43 (22914 turns).

gruber the Thaumaturge (Gnoll Skald)               Turns: 22914, Time: 00:41:43

Health: -17/111    AC: 15    Str: 10    XL:     14   Next: 81%
Magic:  16/28      EV: 13    Int: 19    God:    Vehumet [*****.]
Gold:   1216       SH: 11    Dex: 21    Spells: 8/34 levels left

rFire    + . .     SeeInvis +   Z - +9 spear of Qazlal {vorpal, rElec rC+ Str-4 Dex+5}
rCold    + + .     Gourm    .   a - +0 kite shield
rNeg     . . .     Faith    .   k - +0 scale mail of Honour {rF+ Slay+2 SInv} (curse)
rPois    .         Spirit   .   w - +2 helmet
rElec    +         Reflect  .   S - scarf {+Inv}
rCorr    .         Harm     .   T - +1 pair of gloves
MR       +....                  B - +0 pair of boots
Stlth    +++.......             t - amulet of regeneration
HPRegen  0.68/turn              Y - ring of wizardry
MPRegen  0.21/turn              p - ring of protection from cold

@: about to teleport, drained
A: distributed training, fangs 1, strong nose
a: Renounce Religion, Evoke Invisibility


You were on level 3 of the Abyss.
You worshipped Vehumet.
Vehumet was extremely pleased with you.
You were not hungry.

You visited 2 branches of the dungeon, and saw 20 of its levels.
You visited the Abyss 1 time.

You collected 1459 gold pieces.
You spent 243 gold pieces at shops.

Inventory:

Hand Weapons
 Z - the +9 spear of Qazlal (weapon) {vorpal, rElec rC+ Str-4 Dex+5}
   (You found it on level 4 of the Lair of Beasts)

   It inflicts extra damage upon your enemies.
   It affects your strength (-4).
   It affects your dexterity (+5).
   It protects you from cold.
   It insulates you from electricity.
Missiles
 q - 7 throwing nets
 x - 19 javelins (quivered)
 D - 62 poisoned darts
Armour
 a - a +0 kite shield (worn)
 k - the cursed +0 scale mail of Honour (worn) {rF+ Slay+2 SInv}
   (You found it on level 4 of the Lair of Beasts)

   It affects your accuracy and damage with ranged weapons and melee attacks
   (+2).
   It protects you from fire.
   It lets you see invisible.
   It has a curse placed upon it.
 w - a +2 helmet (worn)
 B - a +0 pair of boots (worn)
 S - a scarf of invisibility (worn)
 T - a +1 pair of gloves (worn)
Jewellery
 p - a ring of protection from cold (right hand)
 t - an amulet of regeneration (around neck)
 L - an uncursed ring of see invisible
 Y - a ring of wizardry (left hand)
Wands
 c - a wand of polymorph (9)
 s - a wand of random effects (15)
 v - a wand of acid (13)
 M - a wand of disintegration (13)
 O - a wand of flame (10)
 U - a wand of paralysis (11)
 V - a wand of iceblast (3)
Scrolls
 b - a scroll of magic mapping
 e - 6 scrolls of enchant armour
 g - 9 scrolls of remove curse
 h - a scroll of holy word
 j - 3 scrolls of blinking
 l - 8 scrolls of identify
 m - 3 scrolls of enchant weapon
 n - 11 scrolls of teleportation
 o - 5 scrolls of fog
 y - 4 scrolls of amnesia
 E - 6 scrolls of fear
 J - a scroll of vulnerability
 N - 3 scrolls of brand weapon
 P - 2 scrolls of immolation
 R - a scroll of silence
Potions
 f - 6 potions of haste
 i - 8 potions of flight
 r - 4 potions of ambrosia
 u - a potion of invisibility
 z - 4 potions of might
 A - a potion of cancellation
 F - 6 potions of heal wounds
 G - 5 potions of curing
 H - 4 potions of degeneration
 I - 4 potions of stabbing
 Q - 2 potions of mutation
 W - 2 potions of magic
 X - a potion of lignification
Miscellaneous
 K - a phantom mirror
Comestibles
 d - 30 rations
 C - 8 chunks of flesh


   Skills:
 + Level 10.4(9.6) Fighting
 + Level 9.3(8.6) Short Blades
 + Level 9.3(8.6) Long Blades
 + Level 9.3(8.6) Axes
 + Level 9.3(8.6) Maces & Flails
 + Level 10.4(9.6) Polearms
 + Level 9.3(8.6) Staves
 + Level 9.3(8.6) Slings
 + Level 9.3(8.6) Bows
 + Level 9.3(8.6) Crossbows
 + Level 9.3(8.6) Throwing
 + Level 9.7(8.9) Armour
 + Level 10.4(9.6) Dodging
 + Level 9.3(8.6) Stealth
 + Level 9.3(8.6) Shields
 + Level 9.3(8.6) Unarmed Combat
 + Level 10.5(9.7) Spellcasting
 + Level 7.8(7.1) Conjurations
 + Level 7.8(7.1) Hexes
 + Level 9.6(8.8) Charms
 + Level 7.8(7.1) Summonings
 + Level 7.8(7.1) Necromancy
 + Level 7.8(7.1) Translocations
 + Level 7.8(7.1) Transmutations
 + Level 7.8(7.1) Fire Magic
 + Level 7.8(7.1) Ice Magic
 + Level 7.8(7.1) Air Magic
 + Level 7.8(7.1) Earth Magic
 + Level 7.8(7.1) Poison Magic
 + Level 10.2(9.4) Invocations
 + Level 9.3(8.6) Evocations


You had 8 spell levels left.
You knew the following spells:

 Your Spells              Type           Power        Failure   Level  Hunger
a - Infusion              Chrm           ####         1%          1    None
b - Song of Slaying       Chrm           #####...     1%          2    None
c - Shroud of Golubria    Chrm/Tloc      #####.       1%          2    None
d - Spectral Weapon       Hex/Chrm       #####...     4%          3    None
e - Conjure Flame         Conj/Fire      #####...     1%          3    None
f - Stone Arrow           Conj/Erth      #####.       1%          3    None
g - Iron Shot             Conj/Erth      #####.....   52%         6    ######.
h - Freezing Cloud        Conj/Ice/Air   #####.....   52%         6    ######.

Your spell library contained the following spells:

 Spells                   Type           Power        Failure   Level  Hunger
 Conjure Ball Lightning   Conj/Air       #####.....   52%         6    ######.
 Mephitic Cloud           Conj/Pois/Air  #####...     1%          3    None
 Corpse Rot               Necr/Air       N/A          2%          2    None
 Poisonous Vapours        Pois/Air       #####.       2%          2    None
 Sublimation of Blood     Necr           #####.....   2%          2    None
 Ozocubu's Armour         Chrm/Ice       #####...     4%          3    None
 Dispel Undead            Necr           #####...     19%         4    ###....
 Excruciating Wounds      Chrm/Necr      #####.....   32%         5    #####..
 Agony                    Necr           #####...     45%         5    #####..
 Ring of Flames           Chrm/Fire      #####.....   100%        7    #######


Dungeon Overview and Level Annotations

Branches:
Dungeon (14/15)            Temple (0/1) D:4            Lair (6/6) D:11
 Shoals (0/4) Lair:2       Spider (0/4) Lair:3        Slime (0/5) Lair:5
    Orc (0/2) D:12         Vaults (0/5) D:13

Altars:
Elyvilon
Fedhas
Gozag
Hepliaklqana
Kikubaaqudgha
Qazlal
Ru
Vehumet
Wu Jian
Xom
Yredelemnul
Zin
The Shining One
Jiyva

Shops:
D:4 }   D:5 ?!*:   D:10 ?   D:11 %(=   D:12 =

Portals:
Trove: D:10 (give 2 scrolls of acquirement)

Annotations:
Lair:3 1 runed translucent door, Ruicvywi's ghost, journeyman OgTm
Lair:5 exclusion: oklob plant


Innate Abilities, Weirdness & Mutations

Your experience applies equally to all skills.
You have very sharp teeth.
Your uncanny sense of smell can sniff out nearby items.


Message History

A chaos spawn comes into view.
The ancient lich touches you!
* * * LOW HITPOINT WARNING * * *
The ogre mage barely misses your spectral weapon.
Unknown command.
Unknown command.
Unknown command.
Unknown command.
Attack whom?
Press: ? - help, Dir - move target cursor, f/p - ancient lich
Aim: an ancient lich (lightly damaged, fast)
You barely miss the ancient lich.
The ancient lich is lightly damaged.
Your spectral weapon hits the ancient lich from afar.
The ancient lich points at you and mumbles some strange words.
You shrug off the repeated paralysis!
The ogre mage hits your spectral weapon but does no damage.
The lich points at you and mumbles some strange words.
The bolt of negative energy hits you!!!
You feel drained.
You die...

∆ #.
####..
#.#44#
####'#OD
.'..4Lb
#.LOD#
#L.(+ ∆
#.@#
+#L# #.#
###


You could see an ancient lich (fast), a fire dragon, an ice dragon, 3 liches, 2
ogre magi, 3 chaos spawn, a fire bat (berserk, fast, strong, invisible) and a
friendly spectral +9 spear of Qazlal {vorpal, rElec rC+ Str-4 Dex+5}.

Vanquished Creatures
  Kirke (Lair:4)
  A stone giant (D:12)
  An ironheart preserver (D:13)
  A deep elf annihilator (D:12)
  2 ettins (D:12)
  5 catoblepae
  3 centaur warriors
  4 hydras
  3 two-headed ogres
  A tengu warrior (D:14)
  2 death yaks (Lair:2)
  An ogre mage (D:12)
  Urug (D:12)
  2 unseen horrors
  A glowing orange brain (shapeshifter) (D:12)
  An orc knight (D:12)
  2 ugly things
  2 manticores
  2 cyclopes (D:11)
  A black mamba (Lair:4)
  Maurice (D:12)
  A torpor snail (Lair:5)
  5 elephants
  A gargoyle (D:14)
  9 spiny frogs
  A freezing wraith (D:14)
  9 komodo dragons
  A queen bee (D:9)
  Grinder (D:5)
  3 blink frogs (Lair:2)
  5 hippogriffs
  A dream sheep (Lair:5)
  A centaur simulacrum (D:14)
  25 yaks
  2 vampires
  3 wyverns
  4 fire bats (Abyss:3)
  A hog (Lair:4)
  Eustachio (D:6)
  5 hungry ghosts
  3 basilisks
  4 vampire mosquitoes
  2 chaos spawn (Abyss:3)
  5 wargs
  Edmund (D:6)
  10 water moccasins
  8 porcupines
  2 eyes of draining
  6 ice beasts
  11 orc warriors
  3 sky beasts
  3 black bears
  5 phantoms
  20 wolves
  7 centaurs
  4 ogres
  10 crocodiles
  2 big kobolds
  20 bullfrogs
  A wyvern zombie (D:9)
  4 scorpions
  27 killer bees
  11 wights
  5 crimson imps
  A centaur zombie (D:6)
  7 orc priests
  9 hounds
  10 jellies
  4 bullfrog zombies
  4 centaur skeletons
  18 orc wizards
  2 bullfrog skeletons
  8 iguanas
  9 worker ants
  A hound zombie (D:11)
  A worker ant zombie (D:8)
  5 gnolls
  14 adders
  5 shadow imps
  10 oozes
  2 adder skeletons (D:4)
  An adder zombie (D:8)
  8 worms
  9 dart slugs
  5 leopard geckos
  57 orcs
  8 giant cockroaches
  9 goblins
  6 hobgoblins
  5 quokkas
  2 ball pythons (D:6)
  7 bats
  7 frilled lizards
  19 kobolds
  A leopard gecko skeleton (D:6)
  A quokka skeleton (D:7)
  A quokka zombie (D:5)
  7 rats
  A spectral weapon (Lair:2)
555 creatures vanquished.

Vanquished Creatures (collateral kills)
  A hydra (Lair:2)
  A death yak (Lair:2)
  A merfolk siren (Lair:2)
  2 blink frogs (Lair:2)
5 creatures vanquished.

Vanquished Creatures (others)
  3 humans (Lair:5)
  10 fungi
  4 plants
  17 spectral weapons
  7 toadstools (D:4)
41 creatures vanquished.

Grand Total: 601 creatures vanquished

Notes
Turn   | Place    | Note
-------+----------+-------------------------------------------
     0 | D:1      | gruber the Gnoll Skald began the quest for the Orb.
     0 | D:1      | Reached XP level 1. HP: 20/20 MP: 6/6
   277 | D:1      | Reached XP level 2. HP: 24/26 MP: 4/7
   633 | D:1      | Reached XP level 3. HP: 16/31 MP: 9/9
   803 | D:1      | Reached skill level 5 in Spellcasting
  1161 | D:1      | Reached skill level 1 in Invocations
  1403 | D:2      | Found a basalt altar of Yredelemnul.
  1431 | D:2      | Reached skill level 1 in Short Blades
  1431 | D:2      | Reached skill level 1 in Long Blades
  1431 | D:2      | Reached skill level 1 in Axes
  1431 | D:2      | Reached skill level 1 in Maces & Flails
  1431 | D:2      | Reached skill level 1 in Staves
  1431 | D:2      | Reached skill level 1 in Slings
  1431 | D:2      | Reached skill level 1 in Bows
  1431 | D:2      | Reached skill level 1 in Crossbows
  1431 | D:2      | Reached skill level 1 in Throwing
  1431 | D:2      | Reached skill level 1 in Stealth
  1431 | D:2      | Reached skill level 1 in Shields
  1431 | D:2      | Reached skill level 1 in Unarmed Combat
  1431 | D:2      | Reached skill level 1 in Evocations
  1431 | D:2      | Reached XP level 4. HP: 38/38 MP: 11/11
  1528 | D:2      | Found an ancient bone altar of Kikubaaqudgha.
  1544 | D:2      | Noticed a black bear
  1557 | D:2      | Killed a black bear
  1557 | D:2      | Reached skill level 1 in Conjurations
  1557 | D:2      | Reached skill level 1 in Hexes
  1557 | D:2      | Reached skill level 1 in Summonings
  1557 | D:2      | Reached skill level 1 in Necromancy
  1557 | D:2      | Reached skill level 1 in Translocations
  1557 | D:2      | Reached skill level 1 in Transmutations
  1557 | D:2      | Reached skill level 1 in Fire Magic
  1557 | D:2      | Reached skill level 1 in Ice Magic
  1557 | D:2      | Reached skill level 1 in Air Magic
  1557 | D:2      | Reached skill level 1 in Earth Magic
  1557 | D:2      | Reached skill level 1 in Poison Magic
  1557 | D:2      | Reached XP level 5. HP: 25/43 MP: 3/12
  1780 | D:2      | Found a glowing silver altar of Zin.
  1780 | D:2      | Found a glowing golden altar of the Shining One.
  1781 | D:2      | Found a white marble altar of Elyvilon.
  1824 | D:2      | Learned a level 2 spell: Song of Slaying
  1827 | D:2      | Learned a level 2 spell: Shroud of Golubria
  1831 | D:2      | Learned a level 3 spell: Spectral Weapon
  1872 | D:2      | Reached XP level 6. HP: 44/50 MP: 13/13
  1930 | D:2      | Found a hazy altar of Hepliaklqana.
  2295 | D:3      | Found a sacrificial altar of Ru.
  2372 | D:3      | Found a radiant altar of Vehumet.
  2372 | D:3      | Found an ornate altar of the Wu Jian Council.
  2429 | D:3      | Reached skill level 5 in Fighting
  2429 | D:3      | Reached skill level 5 in Polearms
  2429 | D:3      | Reached skill level 5 in Dodging
  2683 | D:3      | Found a stormy altar of Qazlal.
  2826 | D:3      | Became a worshipper of Vehumet
  3252 | D:4      | Found Lyrow Lihavu's Gadget Shoppe.
  3589 | D:4      | Reached XP level 7. HP: 55/56 MP: 15/15
  3843 | D:4      | Found a staircase to the Ecumenical Temple.
  4283 | D:4      | Reached * piety under Vehumet
  4283 | D:4      | Offered knowledge of Magic Dart by Vehumet.
  4681 | D:5      | Entered Level 5 of the Dungeon
  4914 | D:4      | Reached XP level 8. HP: 51/63 MP: 16/16
  4950 | D:5      | Found Aclu's Magic Scroll Shop.
  5079 | D:5      | Offered knowledge of Sandblast by Vehumet.
  5190 | D:5      | Reached ** piety under Vehumet
  5206 | D:5      | Bought 3 scrolls of identify for 84 gold pieces
  5206 | D:5      | Bought a scroll of identify for 28 gold pieces
  5206 | D:5      | Bought a scroll of identify for 28 gold pieces
  5206 | D:5      | Bought a scroll of identify for 28 gold pieces
  5206 | D:5      | Bought a scroll of identify for 28 gold pieces
  5498 | D:5      | Found Rudgh's Distillery.
  5507 | D:5      | Bought a potion of curing for 36 gold pieces
  5514 | D:5      | Found Femu's General Store.
  5549 | D:5      | Bought a potion of degeneration for 11 gold pieces
  5566 | D:5      | Noticed Grinder
  5573 | D:5      | Paralysed by Grinder for 6 turns
  5630 | D:5      | Killed Grinder
  5775 | D:5      | Found Gupy's Book Boutique.
  5988 | D:6      | Noticed Edmund
  6306 | D:6      | Reached XP level 9. HP: 37/69 MP: 18/18
  6578 | D:6      | Offered knowledge of Conjure Flame by Vehumet.
  6721 | D:6      | Killed Edmund
  6829 | D:6      | Found an opulent altar of Gozag.
  6835 | D:6      | Noticed Eustachio
  6854 | D:6      | Reached skill level 5 in Armour
  6946 | D:6      | Learned a level 3 spell: Conjure Flame
  7075 | D:6      | Killed Eustachio
  7304 | D:7      | Reached *** piety under Vehumet
  7569 | D:7      | Reached skill level 5 in Invocations
  7574 | D:7      | Offered knowledge of Stone Arrow by Vehumet.
  7943 | D:7      | Reached XP level 10. HP: 77/77 MP: 20/20
  8466 | D:8      | Found a stormy altar of Qazlal.
  8467 | D:8      | Found a blossoming altar of Fedhas.
  8488 | D:8      | Learned a level 3 spell: Stone Arrow
  8491 | D:8      | Reached **** piety under Vehumet
  8630 | D:8      | Reached skill level 5 in Short Blades
  8630 | D:8      | Reached skill level 5 in Long Blades
  8630 | D:8      | Reached skill level 5 in Axes
  8630 | D:8      | Reached skill level 5 in Maces & Flails
  8630 | D:8      | Reached skill level 5 in Staves
  8630 | D:8      | Reached skill level 5 in Slings
  8630 | D:8      | Reached skill level 5 in Bows
  8630 | D:8      | Reached skill level 5 in Crossbows
  8630 | D:8      | Reached skill level 5 in Throwing
  8630 | D:8      | Reached skill level 5 in Stealth
  8630 | D:8      | Reached skill level 5 in Shields
  8630 | D:8      | Reached skill level 5 in Unarmed Combat
  8630 | D:8      | Reached skill level 5 in Evocations
  8766 | D:8      | Offered knowledge of Dazzling Flash by Vehumet.
  9158 | D:9      | Noticed a two-headed ogre
  9186 | D:9      | Killed a two-headed ogre
  9816 | D:9      | Reached ***** piety under Vehumet
  9839 | D:9      | Offered knowledge of Lee's Rapid Deconstruction by Vehumet.
  9985 | D:9      | Reached XP level 11. HP: 76/84 MP: 22/22
 10417 | D:9      | Found a shimmering altar of Xom.
 11091 | D:10     | Entered Level 10 of the Dungeon
 11157 | D:10     | Found Efowneacs's Magic Scroll Shoppe.
 11223 | D:10     | Reached skill level 5 in Conjurations
 11223 | D:10     | Reached skill level 5 in Hexes
 11223 | D:10     | Reached skill level 5 in Summonings
 11223 | D:10     | Reached skill level 5 in Necromancy
 11223 | D:10     | Reached skill level 5 in Translocations
 11223 | D:10     | Reached skill level 5 in Transmutations
 11223 | D:10     | Reached skill level 5 in Fire Magic
 11223 | D:10     | Reached skill level 5 in Ice Magic
 11223 | D:10     | Reached skill level 5 in Air Magic
 11223 | D:10     | Reached skill level 5 in Earth Magic
 11223 | D:10     | Reached skill level 5 in Poison Magic
 11356 | D:10     | Found a portal to a secret trove of treasure.
 11877 | D:11     | Noticed a cyclops
 11882 | D:11     | Found Bestro's Jewellery Shoppe.
 11909 | D:11     | Noticed a cyclops
 11924 | D:11     | Killed a cyclops
 12010 | D:11     | Noticed a green ugly thing
 12037 | D:11     | Killed a green ugly thing
 12253 | D:11     | Found Visoukk's Food Emporium.
 12330 | D:11     | Killed a cyclops
 12514 | D:11     | Noticed an unseen horror
 12535 | D:11     | Killed an unseen horror
 12610 | D:11     | Noticed a manticore
 12627 | D:11     | Killed a manticore
 12675 | D:11     | Found Teli's Weapon Shop.
 12834 | D:11     | Found a staircase to the Lair.
 12874 | D:11     | Offered knowledge of Bolt of Magma by Vehumet.
 13386 | D:12     | Noticed Maurice
 13423 | Lair:1   | Entered Level 1 of the Lair of Beasts
 13538 | Lair:1   | Noticed a death yak
 13539 | Lair:1   | Noticed a death yak
 13539 | Lair:1   | Noticed a death yak
 13758 | Lair:1   | Reached XP level 12. HP: 87/93 MP: 17/24
 14141 | Lair:2   | Noticed a four-headed hydra
 14414 | Lair:2   | Killed a four-headed hydra
 14595 | Lair:2   | Killed a death yak
 14768 | Lair:2   | You fall into a shaft and drop 1 floor!
 14837 | Lair:2   | Noticed a catoblepas
 14861 | Lair:2   | Killed a catoblepas
 15136 | Lair:2   | Noticed a four-headed hydra
 15149 | Lair:2   | Killed a four-headed hydra
 15627 | Lair:2   | Found a staircase to the Shoals.
 15654 | Lair:2   | Killed a death yak
 15657 | Lair:2   | Killed a death yak
 16215 | Lair:3   | Offered knowledge of Iron Shot by Vehumet.
 16242 | Lair:3   | Learned a level 6 spell: Iron Shot
 16249 | Lair:3   | Learned a level 6 spell: Freezing Cloud
 16275 | Lair:3   | Found a hole to the Spider Nest.
 16286 | Lair:3   | Found a runed translucent door.
 16289 | Lair:3   | Noticed Ruicvywi's ghost (journeyman OgTm)
 16412 | Lair:3   | Noticed a seven-headed hydra
 16421 | Lair:3   | Killed a seven-headed hydra
 16421 | Lair:3   | Reached XP level 13. HP: 74/101 MP: 24/26
 17725 | Lair:4   | Got a blackened spear
 17737 | Lair:4   | Identified the +9 spear of Qazlal {vorpal, rElec rC+ Str-4
                  | Dex+5} (You found it on level 4 of the Lair of Beasts)
 18473 | Lair:5   | Noticed Kirke
 18485 | Lair:5   | Noticed a sphinx
 18768 | Lair:4   | Killed Kirke
 18796 | Lair:4   | Got a jet-encrusted scale mail
 18797 | Lair:4   | Identified the cursed +0 scale mail of Honour {rF+ Slay+2
                  | SInv} (You found it on level 4 of the Lair of Beasts)
 19348 | Lair:5   | Found a staircase to the Slime Pits.
 19348 | Lair:5   | Found a viscous altar of Jiyva.
 19535 | Lair:6   | Entered Level 6 of the Lair of Beasts
 19966 | Lair:5   | Offered knowledge of Starburst by Vehumet.
 20155 | D:12     | Killed Maurice
 20174 | D:12     | You fall into a shaft and drop 1 floor!
 20281 | D:12     | Reached skill level 10 in Spellcasting
 20289 | D:12     | Found a staircase to the Orcish Mines.
 20431 | D:12     | Noticed Urug
 20443 | D:12     | Killed Urug
 20443 | D:12     | Reached XP level 14. HP: 83/109 MP: 28/28
 20607 | D:12     | Noticed a stone giant
 20607 | D:12     | Noticed a deep elf annihilator
 20788 | D:12     | Found Adghoos's Jewellery Boutique.
 20986 | D:12     | Identified the ring of Epnoogh {rElec rC- rN+ Str+2}
 21131 | D:12     | Reached skill level 10 in Fighting
 21131 | D:12     | Reached skill level 10 in Polearms
 21131 | D:12     | Reached skill level 10 in Dodging
 21180 | D:12     | Killed a deep elf annihilator
 21294 | D:12     | Killed a stone giant
 21824 | D:13     | Found a gate to the Vaults.
 21824 | D:13     | Noticed an ironheart preserver
 21844 | D:13     | Killed an ironheart preserver
 22005 | D:13     | Reached skill level 10 in Invocations
 22815 | D:14     | Offered knowledge of Conjure Ball Lightning by Vehumet.
 22885 | D:14     | Cast into level 3 of the Abyss (a wizard)
 22903 | Abyss:3  | Noticed an ancient lich
 22909 | Abyss:3  | Noticed a lich
 22910 | Abyss:3  | Noticed a lich
 22910 | Abyss:3  | Noticed a lich
 22910 | Abyss:3  | Paralysed by an ancient lich for 3 turns
 22914 | Abyss:3  | Killed from afar by a lich

Illustrated notes

Levels and vault maps discovered:
D:1:      psy_arrival_terrarium, layout_loops_cross
D:2:      layout_rooms, good_gods_mini_temple, lemuel_coloured_pillars_altar,
          old_standard_altar, overflow_temple_1_default, grunt_ministairs_7,
          minmay_statues_item
D:3:      layout_loops_corners, grunt_temple_overflow_open, first_ration,
          grunt_qazlal_sundering
D:4:      cheibrodos_fertilizer, layout_gridville, minmay_temple_entry_arrows,
          serial_shops, shop, grunt_decor_one_mirror
D:5:      kennysheep_slugbush, layout_cave_pools, serial_shops, shop_fountains,
          nicolae_shop_waterfront, kennysheep_mini_moat, nicolae_shop_trees,
          uniq_grinder
D:6:      layout_rooms, nicolae_overflow_crystal_walls, uniq_edmund,
          uniq_eustachio
D:7:      layout_loops_ring
D:8:      layout_rooms, grunt_temple_overflow_forces_of_nature
D:9:      layout_loops_corners, tgw_xom, david_nohive_1
D:10:     layout_rooms, serial_shops, nicolae_shop_window_shopping,
          enter_trove_0, grunt_ministairs_7
D:11:     layout_loops_ring, erik_lair_orcish_takeover, serial_shops,
          nicolae_shop_temple_entry_statues_fountains, nicolae_shop_trees,
          nicolae_shop_stone, enter_bailey_8
D:12:     minmay_sliced_demisemicircle, layout_basic,
          minmay_orc_entry_guard_dogs, serial_shops, nicolae_shop_waterfront,
          uniq_urug, uniq_maurice
D:13:     layout_loops_ring, skrybe_vaults_entry_preservation
D:14:     minmay_slanted_spiral_squares, layout_cave_pools
Lair:1:   layout_hall_layers, minmay_holes
Lair:2:   layout_small_grid, minmay_shoals_entry_lonely_mermaid,
          beast_lair_carwin_7
Lair:3:   layout_cave_pods, spider_nest_entry_web_field,
          hellmonk_ghost_happy_afterlife, nicolae_quartered_pool_medium
Lair:4:   layout_long_grid, minivault_26
Lair:5:   layout_misc_corridors, slime_altar_1, minivault_11,
          minmay_lair_oklob_items, uniq_kirke
Lair:6:   minmay_lair_end_frog_pond, layout_regular_city,
          chequers_serial_rivers_small_a, kilobyte_rumbling_trees,
          lemuel_fruit_fields
Abyss:3:  base: Temple, due_evilmike_abyss_rune_seething_liches

Skill      XL: |  1  2  3  4  5  6  7  8  9 10 11 12 13 14 |
---------------+-------------------------------------------+-----
Spellcasting   | 5 6 7 8 9 10 | 10.5
Invocations    | 1 2 3 4 5 6 7 8 9 10 | 10.2
Short Blades   | 1 2 3 4 5 6 7 8 9 |  9.3
Long Blades    | 1 2 3 4 5 6 7 8 9 |  9.3
Axes           | 1 2 3 4 5 6 7 8 9 |  9.3
Maces & Flails | 1 2 3 4 5 6 7 8 9 |  9.3
Staves         | 1 2 3 4 5 6 7 8 9 |  9.3
Slings         | 1 2 3 4 5 6 7 8 9 |  9.3
Bows           | 1 2 3 4 5 6 7 8 9 |  9.3
Crossbows      | 1 2 3 4 5 6 7 8 9 |  9.3
Throwing       | 1 2 3 4 5 6 7 8 9 |  9.3
Stealth        | 1 2 3 4 5 6 7 8 9 |  9.3
Shields        | 1 2 3 4 5 6 7 8 9 |  9.3
Unarmed Combat | 1 2 3 4 5 6 7 8 9 |  9.3
Evocations     | 1 2 3 4 5 6 7 8 9 |  9.3
Armour         | 3 4 5 6 7 8 9 |  9.7
Conjurations   | 1 2 3 4 5 6 7 |  7.8
Hexes          | 1 2 3 4 5 6 7 |  7.8
Summonings     | 1 2 3 4 5 6 7 |  7.8
Necromancy     | 1 2 3 4 5 6 7 |  7.8
Translocations | 1 2 3 4 5 6 7 |  7.8
Transmutations | 1 2 3 4 5 6 7 |  7.8
Fire Magic     | 1 2 3 4 5 6 7 |  7.8
Ice Magic      | 1 2 3 4 5 6 7 |  7.8
Air Magic      | 1 2 3 4 5 6 7 |  7.8
Earth Magic    | 1 2 3 4 5 6 7 |  7.8
Poison Magic   | 1 2 3 4 5 6 7 |  7.8
Fighting       | 5 6 7 8 9 10 | 10.4
Polearms       | 5 6 7 8 9 10 | 10.4
Dodging        | 5 6 7 8 9 10 | 10.4
Charms         | 6 7 8 9 |  9.6

Action                   |  1- 3 |  4- 6 |  7- 9 | 10-12 | 13-15 || total
-------------------------+-------+-------+-------+-------+-------++-------
Melee: Spear             |    26 |       |       |   736 |   650 ||  1412
       Bite              |     8 |    17 |    49 |   112 |    97 ||   283
       Dagger            |    54 |   139 |   324 |       |       ||   517
       Punch             |       |     2 |    11 |     7 |       ||    20
       Flail             |       |       |    43 |   102 |       ||   145
Throw: Dart              |       |     1 |    10 |    14 |       ||    25
       Javelin           |       |       |     1 |       |    16 ||    17
 Cast: Infusion          |     2 |     2 |    13 |    31 |    11 ||    59
       Spectral Weapon   |       |     2 |    34 |    79 |    57 ||   172
       Shroud of Golubri |       |     2 |    15 |    34 |    11 ||    62
       Song of Slaying   |       |       |     9 |    23 |     8 ||    40
       Stone Arrow       |       |       |       |    21 |     1 ||    22
       Conjure Flame     |       |       |       |     2 |       ||     2
Evoke: Wand              |       |       |     3 |     6 |     3 ||    12
       Box of beasts     |       |       |       |     2 |       ||     2
  Use: Scroll            |       |    12 |       |       |    19 ||    31
       Potion            |       |       |       |     1 |     1 ||     2
 Stab: Sleeping          |     6 |    11 |     5 |    16 |    10 ||    48
       Distracted        |       |       |     9 |    16 |    13 ||    38
  Eat: Chunk             |     2 |     5 |    10 |    26 |    17 ||    60
       Ration            |       |       |     2 |     1 |     1 ||     4
Armor: Leather armour    |    13 |    18 |    71 |    99 |    16 ||   217
       Scale mail        |       |       |       |       |    87 ||    87
Dodge: Dodged            |    61 |    75 |   235 |   402 |   265 ||  1038
Block: Kite shield       |       |       |       |   156 |   254 ||   410
